 Dungeon Crawl Stone Soup version 0.29.1-1-gd02db6906a (webtiles) character file.

Game seed: 4908539577014391111

51 raph the Insei (level 3, -5/26 HPs)
             Began as a Merfolk Transmuter on Oct 18, 2022.
             Slain by a worm (8 damage)
             ... on level 2 of the Dungeon.
             The game lasted 00:02:50 (2139 turns).

raph the Insei (Merfolk Transmuter)                 Turns: 2139, Time: 00:02:51

Health: -5/26      AC:  2    Str: 10    XL:     3   Next: 81%
Magic:  6/6        EV: 13    Int: 18    God:
Gold:   64         SH:  0    Dex: 16    Spells: 3/6 levels left

rFire   . . .      SeeInvis .     - Unarmed
rCold   . . .      Faith    .   (no shield)
rNeg    . . .      Spirit   .   a - +0 robe
rPois   .          Reflect  .   (no helmet)
rElec   .          Harm     .   (no cloak)
rCorr   .          Rampage  .   (no gloves)
Will    .....                   (no boots)
Stlth   +.........              (no amulet)
HPRegen 0.08/turn               d - +6 ring of intelligence
MPRegen 0.10/turn               (no ring)

@: no status effects
A: (nimble swimmer 2), mertail
a: no special abilities


You were on level 2 of the Dungeon.
You visited 1 branch of the dungeon, and saw 3 of its levels.

You collected 64 gold pieces.

Inventory:

Armour
 a - a +0 robe (worn)
Jewellery
 d - a +6 ring of intelligence (left hand)
Scrolls
 f - a scroll of summoning {unknown}
Potions
 b - a potion of lignification
 c - a potion of brilliance {unknown}
 e - a potion of curing {unknown}
 g - a potion of haste {unknown}
 h - 2 potions of attraction


   Skills:
 + Level 1.6 Fighting
 + Level 3.1 Dodging
 * Level 3.9 Unarmed Combat
 + Level 2.3 Spellcasting
 * Level 3.7 Transmutations


You had 3 spell levels left.
You knew the following spells:

 Your Spells              Type           Power      Damage    Failure   Level
a - Beastly Appendage     Tmut           30%        N/A       3%          1
b - Wereblood             Tmut           15%        N/A       5%          2

Your spell library contained the following spells:

 Spells                   Type           Power      Damage    Failure   Level
 Spider Form              Tmut/Pois      8%         N/A       24%         3
 Ice Form                 Ice/Tmut       8%         N/A       63%         4


Dungeon Overview and Level Annotations

Branches:
Dungeon (3/15)

Altars:

Shops:
D:2 [*

Annotations:
D:2 Sigmund


Innate Abilities, Weirdness & Mutations

((You are very nimble when in or above water. (Stealth+, EV+, Speed+++)))
Your lower body shifts to a powerful aquatic tail in water.


Message History

The hobgoblin misses you.
You hit the worm but do no damage. You headbutt the worm!
The worm is heavily wounded.
The worm barely misses you. The hobgoblin hits you.
You hit the worm.
The worm is heavily wounded.
The hobgoblin closely misses you. The worm barely misses you.
You barely miss the worm.
You headbutt the worm, but do no damage.
The worm is heavily wounded.
The hobgoblin hits you.
You punch the worm!
The worm is severely wounded.
The worm bites you!
* * * LOW HITPOINT WARNING * * *
The hobgoblin barely misses you.
You are too injured to fight recklessly!
You are too injured to fight recklessly!
You are too injured to fight recklessly!
You are too injured to fight recklessly!
You are too injured to fight recklessly!
Casting: Beastly Appendage (safe; 3% risk of failure)
Confirm with . or Enter, or press ? or * to list all spells.
You don't know that spell.
You hit the hobgoblin.
The hobgoblin is moderately wounded.
The hobgoblin closely misses you.
You hit the hobgoblin.
You kill the hobgoblin!
You hit the worm.
The worm is almost dead.
You completely miss the worm.
The worm is almost dead.
The worm bites you.
* * * LOW HITPOINT WARNING * * *
You hit the worm but do no damage.
The worm is almost dead.
Your horns disappear.
The worm bites you!
You die...

. .... #[# #.# .#
#..####.. #.# #.#
.#........##.# #.# ..
#...#$# #.# ###. ##.
#..##.#######.# ...#
###...#### #.#.†..{r.>#
####
####.##.##.###############
#..#.......#..#.#
...#..8).#@w..#
#..#...#..#.....#
.#...8...#.......#
#.##†..##.###..?..# #.
##.##.#.# ##..). #
####.### ## #### #.....#
###.#..## #...†.##


You could see a worm.

Vanquished Creatures
  An adder (D:2)
  2 dart slugs
  5 ball pythons
  3 endoplasms
  A giant cockroach (D:2)
  2 goblins
  4 hobgoblins
  3 quokkas
  3 bats (D:1)
  2 frilled lizards (D:1)
  6 kobolds
  3 rats
35 creatures vanquished.

Notes
Turn   | Place    | Note
-------+----------+-------------------------------------------
     0 | D:1      | raph the Merfolk Transmuter began the quest for the Orb.
     0 | D:1      | Reached XP level 1. HP: 15/15 MP: 3/3
   162 | D:1      | Reached XP level 2. HP: 19/21 MP: 5/5
   342 | D:1      | Learned a level 2 spell: Wereblood
   601 | D:1      | Found a faded altar of an unknown god.
   663 | D:1      | Reached XP level 3. HP: 21/26 MP: 4/6
  1548 | D:2      | Noticed Sigmund
  2014 | D:2      | Found Idicos's Antique Armour Boutique.
  2024 | D:2      | Found Erih's General Store.
  2139 | D:2      | Slain by a worm

Illustrated notes

Levels and vault maps discovered:
D:1:      dpeg_arrival_stonehenge_12_columns, layout_basic,
          basic_ecumenical_altar, minmay_misc_feat_doors
D:2:      wad_crossroads, layout_rooms, serial_shops, shop, shop,
          nicolae_shop_behind_doors, uniq_sigmund
D:3:      layout_loops_ring, uniq_grinder, uniq_jessica, uniq_natasha

Skill      XL: |  1  2 |
---------------+-------+-----
Transmutations | 3 |  3.7
Dodging        | 3 |  3.1
Fighting       | |  1.6
Unarmed Combat | |  3.9
Spellcasting   | |  2.3

Action                   || total
-------------------------++-------
Melee: Unarmed           ||   117
       Headbutt          ||    21
       Punch             ||     3
 Cast: Beastly Appendage ||    23
       Wereblood         ||     1
  Use: Scroll            ||     1
 Stab: Sleeping          ||     1
Armor: Robe              ||    14
Dodge: Dodged            ||    84
